 Dungeon Crawl Stone Soup version 0.30-a0-367-g839099abd5 (webtiles) character file.

Game seed: 6167445234549513486

2269 Bnni the Spear-Bearer (level 9, -6/66 (72) HPs)
             Began as a Formicid Fighter on Nov 18, 2022.
             Mangled by a wight
             ... wielding a +4 spear
              (10 damage)
             ... on level 7 of the Dungeon.
             The game lasted 00:09:12 (6579 turns).

Bnni the Spear-Bearer (Formicid Fighter)            Turns: 6579, Time: 00:09:13

HP:   -6/66 (72)    AC:  9    Str: 26    XL:     9   Next: 65%
MP:   18/18         EV:  8    Int:  7    God:
Gold: 412           SH:  0    Dex: 13    Spells: 8/8 levels left

rFire   . . .      SeeInvis +    a - +0 trident
rCold   . . .      Faith    .    c - +0 buckler
rNeg    . . .      Spirit   .    m - +0 chain mail
rPois   .          Reflect  .    (helmet unavailable)
rElec   .          Harm     .    (no cloak)
rCorr   .          Rampage  .    (no gloves)
Will    .....                    (no boots)
Stlth   ..........               (no amulet)
HPRegen 0.31/turn                f - ring of magical power
MPRegen 0.16/turn                (no ring)

@: confused, ambrosia-drunk, attractive, drained
A: permanent stasis, dig shafts and tunnels, antennae 3, four strong arms
a: Dig, Shaft Self


You were on level 7 of the Dungeon.
You visited 2 branches of the dungeon, and saw 8 of its levels.

You collected 412 gold pieces.

Inventory:

Hand Weapons
 a - a +0 trident (weapon)
 p - a +0 scythe
Missiles
 e - 5 boomerangs
 x - 9 poisoned darts
Armour
 c - a +0 buckler (worn)
 m - a +0 chain mail (worn)
Jewellery
 f - a ring of magical power (left hand)
 z - a ring of fire
Wands
 j - a wand of iceblast (13)
 r - a wand of flame (1)
 t - a wand of polymorph (12)
 v - a wand of charming (9)
Scrolls
 b - 2 scrolls of fear {unknown}
 g - 4 scrolls of teleportation {unknown}
 i - a scroll of fog {unknown}
 n - a scroll of torment {unknown}
 q - a scroll of amnesia {unknown}
 w - a scroll of enchant armour {unknown}
 y - 2 scrolls of magic mapping {unknown}
 D - a scroll of silence {unknown}
Potions
 d - 2 potions of might
 h - 2 potions of flight
 k - a potion of attraction
 l - a potion of magic
 o - 2 potions of brilliance
 s - a potion of cancellation
 B - a potion of lignification {unknown}
 C - a potion of invisibility {unknown}


   Skills:
 + Level 7.5 Fighting
 * Level 8.9 Polearms
 - Level 3.2 Armour
 + Level 8.9 Shields


You had 8 spell levels left.
You didn't know any spells.
Your spell library contained the following spells:

 Spells                   Type           Power      Damage    Failure   Level
 Cigotuvi's Dreadful Rot  Necr/Pois/Air  0%         N/A       99%         2
 Poisonous Vapours        Pois/Air       0%         N/A       99%         2
 Scorch                   Fire           0%         2d5       99%         2
 Mephitic Cloud           Conj/Pois/Air  0%         N/A       100%        3
 Ozocubu's Armour         Ice            0%         N/A       100%        3
 Animate Armour           Summ/Erth      0%         N/A       100%        4
 Flame Wave               Conj/Fire      0%         2d4       100%        4
 Manifold Assault         Tloc           0%         N/A       100%        4
 Blade Hands              Tmut           0%         N/A       100%        5
 Iron Shot                Conj/Erth      0%         9d1       100%        6
 Summon Cactus Giant      Summ           0%         N/A       100%        6
 Ozocubu's Refrigeration  Ice            0%         4d7       100%        7
 Storm Form               Tmut/Air       0%         N/A       100%        7
 Blink                    Tloc           Unusable   N/A       N/A         2

Dungeon Overview and Level Annotations

Branches:
Dungeon (7/15)             Temple (1/1) D:4

Altars:
Ashenzari
Cheibriados
Dithmenos
Elyvilon
Fedhas
Gozag
Makhleb
Nemelex Xobeh
Okawaru
Qazlal
Ru
Sif Muna
Trog
Uskayaw
Vehumet
Wu Jian

Shops:
D:6 (


Innate Abilities, Weirdness & Mutations

You cannot be hasted, slowed, berserked, paralysed or teleported.
You can dig through walls and to a lower floor.
You have a pair of large antennae on your head. (SInv)
Your four strong arms can wield two-handed weapons with a shield.


Message History

You reach to attack!
You closely miss the wight.
The wight hits you from afar with a +4 spear!
* * * LOW HITPOINT WARNING * * *
You feel drained.
Reach: a) +0 trident
Press: ? - help, Dir - move target, f/p - wight
Aim: a wight, wielding a +4 spear and wearing a +1 robe of cold resistance (about 36% to evade your +0 trident)
You reach to attack!
You barely miss the wight. You block the wight's attack.
Unknown command.
Reach: a) +0 trident
Press: ? - help, Dir - move target, f/p - wight
Aim: a wight, wielding a +4 spear and wearing a +1 robe of cold resistance (about 36% to evade your +0 trident)
You reach to attack!
You hit the wight.
The wight is moderately damaged.
Unknown command.
Reach: a) +0 trident
Press: ? - help, Dir - move target, f/p - wight
Aim: a wight, wielding a +4 spear and wearing a +1 robe of cold resistance (moderately damaged, about 36% to evade your +0 trident)
You reach to attack!
You closely miss the wight.
The wight is moderately damaged.
The wight hits you from afar with a +4 spear.
* * * LOW HITPOINT WARNING * * *
You feel drained.
* * * LOW HITPOINT WARNING * * *
It was a potion of attraction.
You feel attractive to monsters.
The wight hits you from afar with a +4 spear.
* * * LOW HITPOINT WARNING * * *
The wight is attracted toward you. x2
It was a potion of berserk rage.
Your stasis prevents you from going berserk.
The wight hits you from afar with a +0 trident.
* * * LOW HITPOINT WARNING * * *
The wight closely misses you.
You are confused.
You feel invigorated.
The wight hits you from afar with a +0 trident.
* * * LOW HITPOINT WARNING * * *
The wight hits you with a +4 spear!
You die...

.....#.# .# ....#.##.#
........# { .......
..... ... #z# #z# {
##@# #..# #.## #...
#.# #...{..# #.# ....
#......###.# ...#
#...... #..# ...#
#....# #.##
...####....###'#######


You could see 2 wights.

Vanquished Creatures
  The ghost of Colgate the Insei, a novice OpTm of Hepliaklqana (D:5)
  Sigmund (D:3)
  A water moccasin (D:7)
  2 sky beasts
  An orc warrior (D:7)
  An ice beast (D:5)
  An ogre (D:6)
  2 phantoms
  A kobold brigand (D:6)
  A scorpion (D:4)
  A wight (D:7)
  A howler monkey (D:7)
  2 hounds (D:6)
  2 jellies
  2 orc priests
  5 iguanas
  Natasha (thrice) (D:3)
  7 orc wizards
  A centaur simulacrum (D:5)
  4 gnolls (D:2)
  7 adders
  3 hound simulacra (D:5)
  4 white imps
  An ufetubus (D:7)
  4 worms
  2 dart slugs
  An adder simulacrum (D:5)
  14 orcs
  7 endoplasms
  4 giant cockroaches
  7 goblins
  5 hobgoblins
  2 quokkas
  3 ball pythons (D:1)
  6 bats
  3 frilled lizards
  17 kobolds
  8 rats
138 creatures vanquished.

Notes
Turn   | Place    | Note
-------+----------+-------------------------------------------
     0 | D:1      | Bnni the Formicid Fighter began the quest for the Orb.
     0 | D:1      | Reached XP level 1. HP: 18/18 MP: 1/1
    98 | D:1      | Reached XP level 2. HP: 19/24 MP: 2/2
   391 | D:1      | Reached XP level 3. HP: 28/29 MP: 3/3
   741 | D:2      | Reached XP level 4. HP: 31/37 MP: 4/4
  1257 | D:2      | You fall into a shaft and drop 1 floor!
  1264 | D:3      | Found a stormy altar of Qazlal.
  1290 | D:3      | Reached XP level 5. HP: 40/42 MP: 5/5
  1590 | D:3      | Noticed Natasha
  1600 | D:3      | Killed Natasha
  1601 | D:3      | Reached skill level 5 in Shields
  1729 | D:3      | Found a hide-covered altar of Uskayaw.
  1913 | D:3      | Noticed Sigmund
  1924 | D:3      | Killed Sigmund
  1925 | D:3      | Reached XP level 6. HP: 42/49 MP: 6/6
  2049 | D:3      | Noticed Natasha
  2056 | D:3      | Killed Natasha
  2074 | D:3      | Noticed Natasha
  2085 | D:3      | Killed Natasha
  2086 | D:3      | Reached skill level 5 in Polearms
  2086 | D:3      | Reached XP level 7. HP: 24/55 MP: 7/7
  2327 | D:4      | Reached skill level 5 in Fighting
  2569 | D:4      | Found a staircase to the Ecumenical Temple.
  2640 | Temple   | Entered the Ecumenical Temple
  3274 | D:5      | Entered Level 5 of the Dungeon
  3420 | D:5      | Found an iron altar of Okawaru.
  3564 | D:5      | Noticed Colgate's ghost (novice OpTm)
  3695 | D:5      | Found a runed translucent gate.
  3695 | D:5      | Found a runed translucent gate.
  3695 | D:5      | Found a runed translucent gate.
  4034 | D:5      | HP: 2/56 [Colgate's ghost (5)]
  4037 | D:5      | Killed Colgate's ghost
  4038 | D:5      | Reached XP level 8. HP: 3/64 MP: 8/8
  5017 | D:6      | Found an ornate altar of the Wu Jian Council.
  5404 | D:6      | Reached XP level 9. HP: 58/71 MP: 9/9
  5447 | D:6      | Found Reusef's Antique Weapon Emporium.
  6578 | D:7      | HP: 3/66 [wight/+0 trident (2)]
  6579 | D:7      | Mangled by a wight

Illustrated notes

Levels and vault maps discovered:
D:1:      spicycebolla_arrival_ecumenical, layout_basic
D:2:      layout_loops_ring
D:3:      layout_rooms, mainiacjoe_overflow_small_starburst, old_standard_altar,
          hex_large, uniq_sigmund, uniq_natasha
D:4:      kb_forest_paths, layout_basic, minmay_temple_entry_gardened_gates
D:5:      layout_basic, kennysheep_okawaru_gauntlet, gammafunk_ghost_icy
D:6:      layout_loops_ring, mainiacjoe_overflow_brackets, serial_shops,
          nicolae_shop_stone
D:7:      layout_basic
Temple:   hellmonk_temple_flake

Skill      XL: |  1  2  3  4  5  6  7  8  9 |
---------------+----------------------------+-----
Polearms       | 3 4 5 6 7 8 |  8.9
Fighting       | 4 6 7 |  7.5
Shields        | 5 7 8 |  8.9
Armour         | |  3.2

Action                   |  1- 3 |  4- 6 |  7- 9 || total
-------------------------+-------+-------+-------++-------
Melee: Trident           |    76 |   129 |   411 ||   616
  Use: Scroll            |       |       |     6 ||     6
       Potion            |       |       |     5 ||     5
Armor: Scale mail        |    28 |    24 |       ||    52
       Chain mail        |       |    17 |   146 ||   163
Dodge: Dodged            |    16 |    36 |   120 ||   172
Block: Buckler           |    16 |    18 |    85 ||   119

Table legend: (Time is in decaauts)
 A = Elapsed time spent in this place.
 B = Non-inter-level travel time spent in this place.
 C = Inter-level travel time spent in this place.
 D = Time resting spent in this place.
 E = Time spent auto-exploring this place.
 F = Levels seen in this place.
 G = Mean time per level.
                   A        B        C        D        E       F      G
               +--------+--------+--------+--------+--------+-----+--------+
         Total |   6600 |   6380 |    220 |    517 |   4692 |   8 |  825.0 |
       Dungeon |   6407 |   6196 |    211 |    517 |   4522 |   7 |  915.3 |
        Temple |    192 |    183 |      9 |      0 |    170 |   1 |  192.0 |
               +--------+--------+--------+--------+--------+-----+--------+

Top non-repeatable levels by time:
     D:5: 1527 daAuts
     D:6: 1216 daAuts
     D:3: 834 daAuts
     D:4: 822 daAuts
     D:1: 754 daAuts
     D:2: 706 daAuts
     D:7: 545 daAuts
  Temple: 192 daAuts
